AoeStats
← 一条固执的鱼

Nomad

509886408Analyzed
4v4 RM · 3d ago on Sep 28, 2026· 21m 59s· 8 players
Game mode
Random Map
Map size
231×231
Population
200
Speed
Normal
Resources
Standard
Victory
Conquest
Starting age
Dark Age
Ending age
Imperial Age
RankedLock teamsTeams togetherTeam positionsShared explorationLock speedFull tech treeHidden civsTurbo modeCheats
Victory
Defeat
🇨🇳 Britons · China
1380
+13
🇭🇰 Bulgarians · Hong Kong SAR China
1373
+13
🇫🇷 Lithuanians · France
1342
+14
🇬🇷 Spanish · Greece
1303
+16
🇨🇳 Vietnamese · China
1321
-15
🇨🇳 Mongols · China
1315
-14
🇨🇳 Franks · China
1298
-14
🇨🇳 Portuguese · China
1288
-13
bao
11:19 Loom
14:06 Feudal Age
14:11 Man-at-Arms
20:00 Castle Age
20:59 Forging
lebron
10:17 Loom
12:54 Feudal Age
17:35 Castle Age
15:45 Double-Bit Axe
16:22 Gold Mining
17:25 Stone Mining
18:45 Bow Saw
19:41 Wheelbarrow
19:00 Fletching
19:32 Bodkin Arrow
Zzulu
5:07 Loom
12:59 Feudal Age
16:49 Castle Age
15:15 Fishing Lines
16:01 Double-Bit Axe
16:27 Scale Mail Armor
19:10 Bow Saw
王德发
5:04 Loom
12:36 Feudal Age
14:01 Double-Bit Axe
20:13 Fletching
24:05 Castle Age
沉着 冷静
5:25 Loom
14:17 Feudal Age
18:48 Castle Age
17:40 Double-Bit Axe
17:58 Fletching
809591945
11:28 Loom
13:44 Feudal Age
14:12 Town Watch
18:23 Castle Age
16:12 Double-Bit Axe
18:40 Fishing Lines
小帮手绝活哥
5:24 Loom
20:55 Feudal Age
一条固执的鱼
5:26 Loom
14:35 Feudal Age
20:05 Castle Age
18:01 Double-Bit Axe
18:50 Fletching
19:59 Padded Archer Armor
22:03 Bow Saw
Connection lost

Rejoining the realm…

Still unreachable

The connection could not be restored.

Session expired

The server has moved on; the page needs a fresh start.